Map: [ESL] Ancient Cistern

Players

ForJumY - Winner!

  • Race: Protoss Protoss
  • Spawn Location: 7:00

BabyMarine

  • Race: Terran Terran
  • Spawn Location: 1:00

Event: HomeStory Cup XXIII

VOD

Have the link to the VOD?

Description

Time

  • Played on: June 30, 2023, 11:20 a.m.
  • Length: 14:22

All games in this series

Show
View Real Time Build Order
Export as new Build Order

ForJumY Protoss - Winner!

Build Orders:  

Get SALT Encoding   

  12  0:00  Probe  
  13  0:12  Probe  
  14  0:17  Pylon  
  14  0:24  Probe  
  15  0:35  Gateway  
  15  0:36  Probe (Chrono Boost)  
  16  0:47  Probe (Chrono Boost), Assimilator  
  17  0:52  Probe (Chrono Boost)  
  18  1:03  Probe  
  19  1:15  Probe  
  20  1:22  Zealot  
  20  1:23  Cybernetics Core  
  22  1:36  Pylon  
  22  1:47  Nexus  
  22  1:53  Probe  
  23  1:57  Adept (Chrono Boost)  
  23  2:01  Warp Gate  
  25  2:05  Assimilator  
  25  2:09  Probe  
  26  2:19  Adept (Chrono Boost)  
  26  2:21  Probe  
  29  2:27  Shield Battery  
  29  2:33  Probe  
  30  2:43  Robotics Facility  
  30  2:45  Probe  
  31  2:57  Pylon  
  31  2:58  Adept  
  31  2:59  Probe  
  31  3:01  Probe  
  35  3:11  Probe  
  36  3:16  Probe (Chrono Boost)  
  37  3:21  Gateway  
  37  3:25  Forge  
  38  3:29  Probe (Chrono Boost)  
  38  3:31  Observer  
  38  3:33  Probe (Chrono Boost)  
  40  3:36  Probe (Chrono Boost)  
  40  3:39  Probe  
  42  3:49  Adept  
  42  3:52  Probe  
  42  3:53  Probe  
  45  3:58  Gateway  
  45  4:05  Probe  
  45  4:06  Immortal (Chrono Boost)  
  48  4:16  Protoss Ground Weapons Level 1  
  48  4:23  Pylon  
  48  4:24  Twilight Council  
  48  4:25  Probe  
  48  4:29  Probe  
  50  4:35  Gateway  
  50  4:37  Pylon  
  50  4:53  Stalker x2  
  50  4:54  Stalker  
  50  4:55  Blink (Chrono Boost)  
  50  4:58  Shield Battery  
  56  5:02  Probe  
  57  5:07  Assimilator x2  
  57  5:16  Probe  
  57  5:18  Stalker x2  
  59  5:23  Shield Battery  
  59  5:25  Shield Battery  
  56  5:28  Probe  
  56  5:31  Stalker  
  55  5:36  Stalker  
  55  5:39  Probe  
  55  5:40  Probe  
  55  5:51  Probe  
  55  5:53  Probe  
  57  6:01  Immortal (Chrono Boost)  
  57  6:03  Probe  
  62  6:05  Probe  
  63  6:12  Gateway  
  63  6:13  Pylon  
  63  6:14  Stalker  
  63  6:15  Probe  
  64  6:32  Warp Prism (Chrono Boost)  
  64  6:39  Stalker x2  
  69  6:42  Probe x2  
  69  6:45  Pylon  
  71  6:54  Probe  
  72  7:08  Adept x3  
  76  7:14  Probe  
  78  7:19  Pylon  
  78  7:20  Pylon  
  78  7:21  Pylon  
  78  7:23  Probe  
  78  7:29  Probe  
  78  7:33  Stalker  
  78  7:34  Charge (Chrono Boost)  
  78  7:39  Stalker x3  
  77  7:57  Pylon  
  77  7:58  Stalker x2  
  61  8:14  Stalker x3  
  61  8:17  Nexus  
  67  8:20  Probe, Protoss Ground Weapons Level 2 (Chrono Boost)  
  68  8:30  Probe  
  68  8:32  Probe  
  70  8:42  Probe  
  70  8:47  Probe, Pylon  
  70  8:48  Templar Archives  
  72  8:52  Zealot x2  
  72  8:55  Probe, Observer (Chrono Boost)  
  77  8:59  Probe  
  79  9:08  Probe, Observer (Chrono Boost)  
  81  9:11  Probe  
  81  9:15  Zealot x3  
  88  9:20  Probe  
  88  9:21  Gateway  
  86  9:31  Stalker x2  
  86  9:34  Observer  
  86  9:36  Probe  
  84  9:39  Shield Battery  
  84  9:45  Probe x2  
  84  9:49  High Templar x2  
  88  9:55  Archon  
  88  9:59  Gateway  
  88  10:00  Probe  
  88  10:02  Gateway  
  88  10:04  High Templar  
  88  10:05  High Templar, Zealot  
  95  10:08  Probe  
  95  10:11  Archon  
  96  10:15  Pylon  
  96  10:20  High Templar  
  97  10:21  High Templar  
  97  10:22  Zealot  
  97  10:26  Archon  
  101  10:32  High Templar  
  101  10:33  High Templar, Zealot  
  107  10:36  Probe  
  107  10:37  Gateway  
  107  10:38  Archon, Robotics Bay  
  108  10:48  Zealot x2  
  98  10:55  Zealot  
  98  10:56  Zealot x2  
  102  10:57  Probe  
  102  11:00  Zealot  
  106  11:04  Probe  
  92  11:11  Zealot x5  
  92  11:14  Immortal (Chrono Boost)  
  92  11:16  High Templar  
  92  11:17  High Templar  
  108  11:21  Archon  
  108  11:31  Probe  
  108  11:32  Probe  
  106  11:34  Probe, Robotics Facility  
  106  11:35  Assimilator  
  106  11:36  Assimilator  
  106  11:38  High Templar, Observer  
  106  11:39  Sentry  
  111  11:40  High Templar, Zealot x3  
  111  11:44  Archon  
  111  11:45  Probe  
  120  11:49  Zealot x3  
  120  11:51  Extended Thermal Lance (Chrono Boost)  
  125  12:04  Zealot x3  
  101  12:15  Zealot x3  
  101  12:16  Zealot  
  101  12:20  Zealot x2  
  91  12:30  Colossus (Chrono Boost)  
  103  12:40  High Templar x2  
  103  12:41  Probe  
  108  12:45  Colossus (Chrono Boost)  
  108  12:50  Archon  
  102  13:10  Probe x2  
  104  13:14  Colossus (Chrono Boost)  
  104  13:17  High Templar x2  
  114  13:21  Archon  
  114  13:25  Nexus  
  114  13:27  Pylon  
  120  13:38  Probe x2  
  122  13:45  Stalker x4  
  122  13:48  Pylon  
  130  13:57  Shield Battery  
  130  13:58  Shield Battery  
  130  13:59  Shield Battery  
  130  14:04  Dark Shrine  
  130  14:07  Zealot x3  
Show
View Real Time Build Order
Export as new Build Order

BabyMarine Terran 

Build Orders: 1/1/1 

Get SALT Encoding   

  12  0:00  SCV  
  13  0:12  SCV  
  14  0:16  Supply Depot  
  14  0:24  SCV  
  15  0:38  SCV  
  15  0:40  Barracks  
  16  0:44  Refinery  
  16  0:50  SCV  
  16  0:54  Refinery  
  17  1:02  SCV  
  18  1:14  SCV  
  19  1:27  Orbital Command, Reaper  
  19  1:29  Supply Depot  
  20  1:42  Factory  
  20  1:54  SCV  
  20  1:59  Barracks Reactor  
  21  2:06  SCV  
  22  2:18  SCV  
  23  2:26  Starport  
  23  2:27  Hellion  
  25  2:33  SCV  
  25  2:35  Reaper, Supply Depot  
  25  2:36  Reaper  
  28  2:45  SCV  
  28  2:49  Hellion  
  31  2:57  SCV  
  32  3:03  Starport Tech Lab  
  32  3:04  Fusion Core  
  32  3:07  Marine x2  
  32  3:10  Widow Mine  
  32  3:11  SCV  
  37  3:16  Supply Depot  
  37  3:22  Supply Depot  
  37  3:38  Marine x2  
  39  3:57  Marine  
  39  3:58  Marine  
  39  3:59  Battlecruiser  
  39  4:02  Supply Depot  
  47  4:14  Widow Mine  
  49  4:19  Command Center  
  49  4:32  Bunker  
  49  4:34  Weapon Refit  
  49  4:38  Marine  
  50  4:43  Marine  
  50  4:45  Factory Tech Lab  
  51  5:11  Marine  
  51  5:12  Marine  
  53  5:14  Command Center  
  53  5:42  Battlecruiser  
  59  5:44  Marine  
  59  5:47  Marine  
  55  5:53  SCV  
  56  6:00  Siege Tank  
  59  6:09  Orbital Command  
  59  6:13  Marine  
  59  6:16  Marine  
  61  6:19  SCV  
  60  6:26  Orbital Command  
  60  6:32  Siege Tank  
  63  6:42  SCV  
  63  6:43  Barracks, Marine  
  65  6:48  SCV  
  66  6:56  SCV  
  67  7:03  SCV x2  
  68  7:11  SCV  
  68  7:12  Refinery  
  69  7:16  Battlecruiser  
  69  7:17  SCV  
  69  7:20  SCV  
  69  7:22  Marine  
  78  7:24  Marine  
  78  7:28  SCV  
  80  7:35  Barracks Tech Lab  
  80  7:38  SCV  
  80  7:39  SCV, Marine  
  80  7:42  Marine, Supply Depot  
  84  7:49  SCV  
  83  7:56  SCV  
  83  7:57  Marine  
  73  8:00  Marine  
  73  8:02  SCV  
  67  8:12  SCV  
  60  8:14  Marine  
  60  8:15  Marine  
  60  8:16  Stimpack  
  60  8:17  Marine  
  63  8:21  SCV  
  61  8:29  Siege Tank  
  61  8:32  Marine  
  61  8:33  Marine  
  68  8:35  Barracks, Marine  
  68  8:36  Engineering Bay  
  67  8:45  SCV  
  74  8:49  SCV  
  74  8:50  Marine  
  74  8:52  SCV  
  74  8:53  Marine x2  
  74  8:55  Starport  
  72  8:57  SCV, Supply Depot  
  72  9:01  SCV, Siege Tank  
  72  9:02  Barracks  
  77  9:03  Terran Infantry Weapons Level 1  
  77  9:07  Refinery  
  77  9:08  Marine  
  78  9:11  Marine x2  
  78  9:15  SCV  
  78  9:16  Orbital Command, SCV  
  83  9:23  Engineering Bay  
  82  9:26  Marine, Barracks Tech Lab  
  82  9:28  SCV  
  82  9:29  Marine  
  82  9:30  SCV  
  86  9:34  Marine  
  87  9:40  SCV  
  87  9:43  SCV  
  87  9:44  Marine, Starport Reactor  
  90  9:47  Marine  
  90  9:49  Marine, Combat Shield  
  90  9:50  Factory Reactor  
  90  9:51  Orbital Command  
  90  9:52  Terran Infantry Armor Level 1  
  93  9:54  Marine  
  93  9:55  Barracks  
  93  10:00  Concussive Shells  
  93  10:01  Marauder, Marine  
  96  10:07  Marine, Marauder  
  99  10:20  Medivac x2  
  102  10:23  Supply Depot  
  102  10:24  Marine, Supply Depot, Marauder x2  
  102  10:25  Marine  
  102  10:26  Orbital Command  
  108  10:35  Widow Mine x2, Marauder  
  114  10:39  SCV x2  
  114  10:41  Marine  
  114  10:45  Marauder x2  
  114  10:48  Marine x2  
  89  10:51  SCV x2  
  89  10:56  Marine  
  73  10:59  Marine  
  73  11:03  SCV  
  73  11:07  Marine  
  72  11:15  Orbital Command, Marine  
  72  11:19  Barracks Reactor  
  72  11:23  Widow Mine  
  73  11:30  SCV  
  73  11:31  Marine  
  75  11:38  Marauder  
  78  11:44  Marine  
  80  11:48  Marine x2  
  80  11:58  Marine, Medivac  
  80  11:59  Marine  
  84  12:04  Marine  
  84  12:07  SCV  
  84  12:10  SCV  
  84  12:11  Marine  
  84  12:14  SCV  
  70  12:20  Marine  
  47  12:33  Marine  
  47  12:34  Marine  
  49  12:39  Marine  
  50  12:44  Marine  
  50  12:47  Marine  
  45  12:52  Marine x2  
  45  12:56  Marine  
  47  13:00  Marine  
  47  13:03  Marine  
  47  13:05  Marine  
  50  13:08  Marine  
  50  13:09  Marine  
  50  13:11  Marine  
  53  13:13  Marine  
  53  13:18  Marine  
  55  13:20  Marine  
  55  13:21  Medivac  
  55  13:23  Marine  
  55  13:25  Marine  
  60  13:28  Marine  
  60  13:30  Marine  
  60  13:33  Marine  
  63  13:36  Marine  
  63  13:41  Marine x2  
  66  13:46  Marine  
  67  13:54  Marine  
  68  14:00  Marine  
Tags
 
Add a new tag
Caveats
  • Supply blocks, unpowered buildings, or Contaminate may cause inaccurate times.
  • Supply counts are checked every 10 seconds.